 Dungeon Crawl Stone Soup version 0.31-a0-844-gdc52ec4e09 (webtiles) character file.

Game seed: 16531172133556032185

57 Ijustatesigmund the Magician (level 3, 0/18 (20) HPs)
             Began as a Deep Elf Fire Elementalist on Sept 28, 2023.
             Slain by Crazy Yiuf
             ... wielding a +2 quarterstaff of chaos
              (2 damage)
             ... on level 3 of the Dungeon.
             The game lasted 00:03:15 (2396 turns).

Ijustatesigmund the Magician (DEFE)                 Turns: 2396, Time: 00:03:16

HP:   0/18 (20)     AC:  2    Str:  5    XL:     3   Next: 73%
MP:   8/10          EV: 12    Int: 21    God:
Gold: 86            SH:  0    Dex: 15    Spells: 6/9 levels left

rFire   . . .        e - +0 whip
rCold   . . .        (no shield)
rNeg    . . .        a - +0 robe
rPois   .            (no helmet)
rElec   .            (no cloak)
rCorr   .            (no gloves)
SInv    .            (no boots)
Will    .....        (no amulet)
Stlth   ++           (no ring)
HPRegen 0.23/turn    (no ring)
MPRegen 0.12/turn

%: no passive effects
@: heavily drained
A: no striking features
a: no special abilities


You were on level 3 of the Dungeon.
You visited 1 branch of the dungeon, and saw 3 of its levels.

You collected 86 gold pieces.

Inventory:

Hand Weapons
 e - a +0 whip (weapon)
 i - a +0 sling
Armour
 a - a +0 robe (worn)
Jewellery
 c - a ring of magical power
 h - a ring of ice
Scrolls
 f - a scroll of enchant armour {unknown}
 g - 2 scrolls of noise {unknown}
 j - a scroll of amnesia {unknown}
 k - 2 scrolls of teleportation {unknown}
 l - 2 scrolls of identify {unknown}
 n - a scroll of poison {unknown}
 o - a scroll of brand weapon {unknown}
 p - a scroll of silence {unknown}
Potions
 b - a potion of magic
 d - a potion of brilliance {unknown}
 m - a potion of invisibility {unknown}


   Skills:
 + Level 1.1 Fighting
 - Level 2.4 Dodging
 - Level 2.4 Stealth
 + Level 3.9 Spellcasting
 + Level 2.1 Conjurations
 + Level 3.8 Fire Magic


You had 6 spell levels left.
You knew the following spells:

 Your Spells              Type           Power      Damage    Failure   Level
a - Foxfire               Conj/Fire      64%        2x1d7     3%          1
b - Scorch                Fire           40%        2d6       3%          2

Your spell library contained the following spells:

 Spells                   Type           Power      Damage    Failure   Level
 Shock                    Conj/Air       32%        1d5       8%          1
 Inner Flame              Hex/Fire       12%        N/A       17%         3
 Volatile Blastmotes      Fire/Tloc      24%        2d12      17%         3
 Flame Wave               Conj/Fire      16%        2d7       34%         4
 Borgnjor's Vile Clutch   Necr/Erth      2%         N/A       98%         5
 Lee's Rapid Deconstruct  Erth           2%         3d4*      98%         5
 Shatter                  Erth           2%         3d6*      100%        9


Dungeon Overview and Level Annotations

Branches:
Dungeon (3/15)

Altars:

Shops:
D:1 =   D:2 :

Annotations:
D:3 Crazy Yiuf


Message History

p - a scroll labelled JIOFILLOLLA
There is a stone staircase leading up here.
k - 2 scrolls labelled ACEALUGETI (gained 1)
There is a stone staircase leading up here.
Done exploring.
Done exploring.
There is a stone staircase leading down here.
You climb downwards.
Found 10 gold pieces.
There is a stone staircase leading up here.
Found a sling.
You now have 86 gold pieces (gained 10).
Found a hammer.
Found two hammers.
You see here a +0 hammer.
Found seven hammers.
Found a runed translucent door.
You see here a +0 hammer.
Found a hammer.
You see here a +0 hammer.
You see here a +0 hammer.
Found three hammers.
You see here a +0 hammer.
You open the door.
Casting: Foxfire (safe; 3% risk of failure)
Confirm with . or Enter, or press ? or * to list all spells.
You can't see any susceptible monsters within range! (Use Z to cast anyway.) Crazy Yiuf shouts!
Crazy Yiuf says, "Cake head fast!"
There is an open translucent door here.
Casting: Foxfire (safe; 3% risk of failure)
Confirm with . or Enter, or press ? or * to list all spells.
Flames lash Crazy Yiuf.
Crazy Yiuf is lightly wounded.
Crazy Yiuf's fire resistance burns away.
Crazy Yiuf whimpers, "Millenium!
Spliff sing alas."
Crazy Yiuf hits you with a +2 quarterstaff of chaos!!
Ouch! That really hurt!
* * * LOW HITPOINT WARNING * * *
You feel drained.
You die...

#....#
#....#
#)..##
##)##
#)##
##)#
#)##
##)#
#@#
#)g)#
#)))#
#).)#
#####


You could see Crazy Yiuf (combustible).

Vanquished Creatures
  2 dart slugs
  7 bats
  3 endoplasms
  A giant cockroach (D:1)
  3 goblins (D:1)
  4 hobgoblins
  5 quokkas
  14 ball pythons
  3 frilled lizards
  4 kobolds (D:1)
  5 rats
51 creatures vanquished.

Vanquished Creatures (others)
  109 foxfires
109 creatures vanquished.

Grand Total: 160 creatures vanquished

Notes
Turn   | Place    | Note
-------+----------+-------------------------------------------
     0 | D:1      | Ijustatesigmund the Deep Elf Fire Elementalist began the
                  | quest for the Orb.
     0 | D:1      | Reached XP level 1. HP: 10/10 MP: 6/6
   188 | D:1      | Reached XP level 2. HP: 16/16 MP: 5/8
   191 | D:1      | Learned a level 2 spell: Scorch
   279 | D:1      | Found Qaehis's One-of-a-Kind Rings.
   764 | D:1      | Got a glossy book
   804 | D:1      | Reached XP level 3. HP: 20/20 MP: 7/10
   959 | D:1      | Reached skill level 1 in Fighting
  1869 | D:2      | Found Mumun's Book Boutique.
  2389 | D:3      | Found a runed translucent door.
  2390 | D:3      | Noticed Crazy Yiuf
  2396 | D:3      | Slain by Crazy Yiuf

Illustrated notes

Levels and vault maps discovered:
D:1:      zelgadis_glass_arrival_small, layout_loops_ring,
          nicolae_shop_unique_rings, st_stairs_8, minmay_tetromino_i4
D:2:      layout_loops_corners, serial_shops, shop, grunt_decor_fettered
D:3:      layout_basic, zin_purify, gammafunk_ghost_stat_death,
          chequers_hall_statues_wall_a, uniq_grinder, uniq_crazy_yiuf_cottage

Skill      XL: |  1  2  3 |
---------------+----------+-----
Fighting       | 1 |  1.1
Conjurations   | 2 |  2.1
Dodging        | |  2.4
Stealth        | |  2.4
Spellcasting   | |  3.9
Fire Magic     | |  3.8

Action                     || total
---------------------------++-------
   Cast: Foxfire           ||    79
         Scorch            ||    14
 Armour: Robe              ||    17
  Dodge: Dodged            ||    10

Table legend: (Time is in decaauts)
 A = Elapsed time spent in this place.
 B = Non-inter-level travel time spent in this place.
 C = Inter-level travel time spent in this place.
 D = Time resting spent in this place.
 E = Time spent auto-exploring this place.
 F = Levels seen in this place.
 G = Mean time per level.
                   A        B        C        D        E       F      G
               +--------+--------+--------+--------+--------+-----+--------+
         Total |   2395 |   2338 |     57 |     38 |   2018 |   3 |  798.3 |
       Dungeon |   2395 |   2338 |     57 |     38 |   2018 |   3 |  798.3 |
               +--------+--------+--------+--------+--------+-----+--------+

Top non-repeatable levels by time:
     D:1: 1379 daAuts
     D:2: 976 daAuts
     D:3: 38 daAuts
